Map: Blueshift LE

Players

SortOf - Winner!

  • Race: Zerg Zerg
  • League: Master
  • Spawn Location: 7:00

Clem

  • Race: Terran Terran
  • League: Master
  • Spawn Location: 1:00

Event: HomeStory Cup XVIII

VOD

Have the link to the VOD?

Description

Time

  • Played on: Nov. 23, 2018, 12:49 p.m.
  • Length: 15:11

All games in this series

Show
View Real Time Build Order
Export as new Build Order

SortOf Zerg - Winner!

Build Orders: Pool First 

Get SALT Encoding   

  12  0:00  Drone  
  13  0:13  Overlord  
  13  0:16  Drone  
  14  0:31  Drone x2  
  16  0:40  Spawning Pool  
  15  0:45  Drone  
  15  0:48  Drone  
  17  1:09  Hatchery  
  17  1:11  Drone  
  17  1:27  Zergling x4  
  17  1:28  Zergling x2  
  17  1:30  Queen  
  17  1:31  Extractor  
  21  1:40  Overlord  
  21  1:55  Drone  
  22  2:02  Drone  
  22  2:05  Queen  
  25  2:15  Drone  
  26  2:22  Queen, Drone x2  
  30  2:36  Drone x2  
  31  2:43  Drone  
  32  2:47  Drone x2  
  34  2:53  Overlord  
  34  2:55  Hatchery  
  34  2:56  Drone  
  34  2:58  Drone  
  34  3:02  Drone  
  34  3:08  Queen  
  36  3:14  Drone x2  
  36  3:15  Drone  
  39  3:26  Queen, Overlord  
  41  3:27  Drone  
  42  3:37  Zergling x4  
  42  3:40  Overlord  
  44  3:45  Drone  
  44  3:47  Queen  
  47  3:48  Drone  
  47  3:49  Drone x2  
  47  3:51  Zergling x2  
  47  3:55  Overlord  
  51  3:56  Drone  
  51  3:59  Drone  
  51  4:00  Drone  
  54  4:03  Drone  
  54  4:07  Drone x2  
  57  4:10  Queen  
  57  4:14  Queen  
  57  4:16  Drone  
  62  4:21  Zergling x4  
  64  4:27  Spore Crawler  
  64  4:29  Zergling x6  
  66  4:35  Metabolic Boost  
  66  4:41  Overlord, Evolution Chamber x2  
  64  4:45  Queen  
  64  4:48  Overlord  
  64  4:49  Drone  
  64  4:50  Drone  
  65  4:55  Overlord  
  65  5:00  Drone x6  
  65  5:02  Drone  
  65  5:04  Drone  
  73  5:08  Drone x3  
  76  5:21  Drone x2  
  76  5:23  Drone x4  
  76  5:25  Zerg Ground Armor Level 1, Zerg Melee Weapons Level 1  
  82  5:32  Baneling Nest  
  82  5:33  Extractor  
  80  5:39  Extractor  
  80  5:40  Extractor  
  78  5:51  Drone x2  
  78  5:52  Drone  
  78  5:53  Drone, Hatchery  
  74  6:01  Drone  
  74  6:02  Drone x3  
  74  6:03  Drone x3  
  67  6:06  Drone x2  
  68  6:11  Drone  
  68  6:12  Drone x2  
  68  6:16  Lair  
  71  6:21  Zergling x4  
  73  6:30  Drone x6  
  79  6:38  Drone x3  
  82  6:41  Extractor  
  82  6:44  Zergling x2  
  82  6:45  Extractor  
  81  6:47  Drone x3  
  81  6:53  Hatchery  
  83  6:55  Zergling x2  
  83  6:56  Zergling x8  
  83  6:58  Baneling x2  
  83  7:01  Zergling x4  
  90  7:02  Overlord x2  
  90  7:03  Overlord  
  90  7:05  Baneling x2  
  90  7:17  Zergling x12  
  90  7:18  Centrifical Hooks  
  90  7:21  Zergling x2, Hydralisk Den  
  90  7:22  Zergling x6  
  99  7:24  Zerg Melee Weapons Level 2  
  99  7:28  Drone x5  
  103  7:33  Drone x4  
  106  7:46  Zergling x14  
  106  7:47  Zergling x6  
  115  7:55  Muscular Augments, Zerg Ground Armor Level 2  
  115  7:59  Overlord  
  115  8:00  Hydralisk x2  
  115  8:01  Overlord  
  119  8:06  Overlord  
  119  8:13  Overlord  
  119  8:14  Zergling x2  
  119  8:15  Zergling x12, Baneling  
  119  8:16  Baneling x10  
  126  8:20  Zergling x10  
  126  8:27  Zergling x14  
  136  8:29  Overseer  
  138  8:38  Zergling x20  
  138  8:53  Hydralisk x5  
  138  8:54  Hydralisk x4  
  152  9:02  Infestation Pit, Drone x6  
  156  9:12  Zergling x2  
  157  9:19  Overlord  
  150  9:26  Overlord  
  150  9:29  Overlord x2  
  150  9:30  Zergling x14  
  157  9:31  Grooved Spines  
  157  9:33  Baneling  
  157  9:43  Hive  
  157  9:44  Zerg Missile Weapons Level 1  
  157  9:45  Zergling x4  
  157  9:46  Spire, Zergling x20  
  166  9:59  Overlord, Hydralisk x4  
  165  10:00  Hydralisk x3  
  179  10:09  Overseer  
  179  10:13  Zergling x12  
  185  10:15  Baneling x13  
  185  10:16  Baneling x3  
  185  10:22  Extractor x2  
  185  10:25  Zergling x18  
  192  10:31  Baneling x3  
  192  10:32  Hatchery  
  191  10:36  Drone x3  
  191  10:51  Spore Crawler  
  191  10:52  Overlord  
  191  10:54  Zergling x14  
  172  11:12  Adrenal Glands, Greater Spire  
  172  11:13  Viper, Zerg Melee Weapons Level 3  
  172  11:15  Zergling x18  
  172  11:16  Viper  
  187  11:24  Drone x2  
  189  11:28  Spore Crawler  
  189  11:31  Drone x2, Overlord  
  190  11:38  Zerg Ground Armor Level 3  
  190  11:44  Queen, Drone x2  
  190  11:45  Extractor  
  187  11:47  Extractor  
  187  11:53  Corruptor x7  
  198  12:08  Pathogen Glands  
  198  12:17  Hatchery  
  191  12:26  Zergling x2  
  191  12:27  Zergling x24  
  184  12:41  Zergling x8  
  184  12:42  Zergling x14  
  184  12:44  Brood Lord x5  
  200  12:45  Baneling x4  
  200  12:47  Baneling x3  
  165  13:05  Zergling x14  
  165  13:06  Zergling x18  
  165  13:10  Brood Lord  
  177  13:15  Infestor x3  
  177  13:19  Brood Lord  
  184  13:22  Viper  
  183  13:30  Viper  
  177  13:37  Zergling x20  
  178  13:44  Baneling  
  178  13:45  Baneling x8  
  178  13:49  Corruptor x2  
  178  13:53  Drone x3  
  185  14:02  Hydralisk x2, Zergling x8  
  185  14:26  Hydralisk x10  
  185  14:27  Zergling x4  
  194  14:39  Drone x4  
  195  14:46  Hydralisk x2  
Show
View Real Time Build Order
Export as new Build Order

Clem Terran 

Build Orders: Liberator Opening 

Get SALT Encoding   

  12  0:00  SCV  
  13  0:12  SCV  
  14  0:17  Supply Depot  
  14  0:25  SCV  
  15  0:29  Refinery  
  15  0:39  SCV  
  16  0:44  Barracks  
  16  0:51  SCV  
  17  1:03  SCV  
  18  1:15  SCV  
  20  1:32  Reaper, Orbital Command  
  20  1:43  Command Center  
  20  1:54  Factory  
  20  1:58  SCV  
  21  2:08  Supply Depot, Barracks Reactor  
  21  2:12  SCV  
  22  2:17  Refinery  
  22  2:24  SCV  
  23  2:36  SCV  
  23  2:48  SCV  
  24  2:51  Starport  
  24  2:57  Hellion x2  
  28  2:59  Barracks Tech Lab  
  28  3:00  SCV  
  28  3:12  SCV  
  29  3:18  Marine  
  30  3:24  SCV  
  31  3:32  Armory  
  31  3:34  Hellion x2  
  35  3:35  Medivac  
  35  3:39  Orbital Command  
  36  3:44  Supply Depot, Marine  
  36  3:47  SCV  
  38  3:54  Liberator  
  38  3:55  Hellion x2  
  42  4:01  Marine, SCV  
  44  4:05  SCV  
  45  4:13  SCV  
  49  4:18  Supply Depot  
  49  4:22  Hellion  
  51  4:27  Hellion  
  51  4:30  SCV  
  54  4:40  SCV  
  54  4:41  Supply Depot  
  54  4:43  SCV  
  56  4:52  SCV  
  61  4:53  Hellion x2  
  61  4:55  SCV  
  61  4:58  Stimpack  
  62  5:02  Marine  
  62  5:04  SCV  
  62  5:05  Supply Depot  
  65  5:07  SCV  
  65  5:09  Starport Reactor  
  65  5:15  Command Center  
  65  5:16  SCV  
  65  5:19  SCV  
  65  5:23  Marine  
  66  5:30  Factory Reactor  
  66  5:33  Barracks  
  66  5:34  Barracks  
  66  5:35  Engineering Bay  
  66  5:39  SCV x2  
  66  5:42  Engineering Bay  
  66  5:45  Marine  
  67  5:51  SCV  
  67  5:52  SCV  
  63  6:03  Marine, SCV  
  52  6:04  SCV  
  52  6:08  Refinery x2  
  52  6:09  Terran Infantry Weapons Level 1, Terran Infantry Armor Level 1  
  48  6:15  SCV  
  48  6:17  SCV  
  48  6:18  Factory Tech Lab  
  50  6:20  Marine  
  50  6:21  Marine x2  
  53  6:26  Barracks, Orbital Command  
  53  6:27  Barracks  
  53  6:28  Marine x2  
  53  6:31  SCV x2  
  57  6:36  Medivac x2  
  57  6:38  Marine  
  57  6:39  Siege Tank  
  65  6:40  Marine  
  65  6:42  Marine  
  65  6:46  Marine  
  68  6:47  Marine  
  68  6:48  SCV x2  
  68  6:53  Orbital Command  
  71  6:56  Marine  
  71  6:58  Supply Depot, Marine  
  71  7:00  Marine, SCV x2  
  76  7:02  Combat Shield  
  76  7:04  Marine  
  76  7:06  Medivac  
  76  7:08  Medivac  
  81  7:16  Siege Tank  
  81  7:18  Supply Depot  
  81  7:19  Supply Depot  
  81  7:20  Barracks Reactor x2  
  81  7:21  SCV  
  85  7:23  SCV x2  
  85  7:24  Marine  
  85  7:28  Marine x3  
  91  7:34  SCV  
  91  7:35  SCV  
  93  7:40  Marine  
  93  7:41  Marine, SCV  
  95  7:47  Medivac x2  
  95  7:48  SCV x2  
  95  7:50  Bunker  
  101  7:52  Supply Depot  
  101  7:53  Marine x3, Siege Tank  
  101  7:58  Marine  
  108  8:01  Marine x2  
  108  8:02  Marine x3  
  113  8:06  SCV x3  
  113  8:10  Factory  
  116  8:14  Terran Infantry Weapons Level 2  
  116  8:15  Marine x3  
  119  8:21  Refinery x2  
  119  8:22  Marine  
  119  8:27  SCV  
  121  8:31  Terran Infantry Armor Level 2, Marine  
  121  8:32  Supply Depot, Marine  
  121  8:33  SCV  
  124  8:35  SCV  
  124  8:44  Marine  
  124  8:45  SCV  
  124  8:46  Liberator  
  124  8:48  Siege Tank  
  124  8:50  Marine x3  
  124  8:51  Marine  
  124  8:52  SCV x2  
  123  8:56  Liberator  
  123  8:58  Factory Tech Lab  
  123  9:00  Marine x3  
  123  9:01  Command Center  
  126  9:05  Marauder  
  126  9:07  Marine  
  126  9:08  Marine  
  133  9:12  Supply Depot x2  
  133  9:15  Supply Depot  
  133  9:25  Marine x2, Siege Tank x2  
  141  9:33  Marine x4, Marauder  
  141  9:38  Liberator  
  147  9:40  Marine x2  
  147  9:43  Marine x2  
  151  9:47  Supply Depot  
  151  9:48  Terran Vehicle Weapons Level 1  
  148  9:53  Marine x3  
  148  9:55  Marauder  
  148  9:57  Siege Tank  
  148  9:59  Marine x3  
  160  10:02  Marine x2  
  160  10:04  Medivac  
  163  10:09  Siege Tank  
  163  10:12  Marine  
  164  10:16  Marauder  
  164  10:21  SCV x2  
  168  10:24  Sensor Tower  
  168  10:25  Marine x5  
  173  10:29  Marine x2  
  173  10:30  Marine  
  173  10:31  Siege Tank  
  179  10:37  Planetary Fortress  
  179  10:38  Marauder  
  181  10:43  Marine  
  181  10:46  Marine x2  
  181  10:51  Marine  
  181  10:52  SCV  
  183  10:59  Marauder  
  183  11:00  Marine  
  183  11:01  SCV  
  183  11:04  Siege Tank  
  184  11:15  Supply Depot, Bunker  
  184  11:17  Supply Depot x2  
  184  11:18  Supply Depot x2  
  184  11:20  Marine x2  
  184  11:21  Sensor Tower  
  184  11:23  Marine  
  184  11:25  Barracks  
  187  11:26  Barracks  
  187  11:27  Marine, Barracks  
  188  11:36  Marine x4, Medivac  
  188  11:37  Marauder  
  188  11:39  Medivac  
  199  11:40  Siege Tank  
  199  11:43  Marine  
  200  11:49  Marine x3  
  200  11:52  Terran Infantry Weapons Level 3  
  197  11:54  Marine x2  
  197  11:59  Terran Infantry Armor Level 3  
  199  12:03  Marine  
  200  12:19  Medivac  
  190  12:24  Siege Tank  
  190  12:25  Marine  
  190  12:26  Marine  
  174  12:37  Marauder, Siege Tank  
  174  12:38  Medivac  
  174  12:41  Marine x6, Liberator  
  174  12:43  Barracks Tech Lab x3  
  182  12:46  Command Center  
  182  12:58  Marauder  
  178  12:59  Siege Tank  
  178  13:00  Marine x5  
  178  13:01  Marine x2  
  178  13:02  Marine  
  178  13:03  Marauder, Marine  
  168  13:13  Starport  
  168  13:14  Marine  
  168  13:18  Marine x7  
  168  13:19  Marauder  
  174  13:20  Marine, Viking  
  174  13:21  Marine  
  174  13:24  Marine  
  171  13:32  Marine  
  151  13:36  Marine x5  
  151  13:37  Marine x2  
  151  13:39  Siege Tank  
  151  13:40  Viking, Siege Tank  
  152  13:41  Marine x2  
  152  13:42  Marine, Marauder  
  157  13:49  Viking  
  157  13:50  Marine  
  157  13:54  Marine x2, Viking  
  164  13:58  Ghost Academy  
  164  14:06  Refinery  
  164  14:07  Refinery  
  164  14:10  Viking  
  164  14:16  Marine  
  165  14:18  Marine  
  165  14:19  Viking  
  156  14:29  Ghost x2  
  156  14:30  Marine x2  
  151  14:33  Viking  
  151  14:36  Ghost  
  151  14:37  Marine x2, Siege Tank  
  142  14:52  Marine x2  
Tags
 
Add a new tag
Caveats
  • Supply blocks, unpowered buildings, or Contaminate may cause inaccurate times.
  • Supply counts are checked every 10 seconds.